 Dungeon Crawl Stone Soup version 0.29.0-13-gc9e81de378 (webtiles) character file.

Game seed: 12856667411623550999

371 enile the Magician (level 6, 0/37 HPs)
             Began as a Deep Elf Fire Elementalist on Sept 9, 2022.
             Was an Initiate of Kikubaaqudgha.
             Killed from afar by an orc wizard (8 damage)
             ... with a magic dart
             ... on level 4 of the Dungeon.
             The game lasted 00:03:34 (4650 turns).

enile the Magician (Deep Elf Fire Elementalist)     Turns: 4650, Time: 00:03:35

Health: 0/37       AC:  2    Str: 11    XL:     6   Next: 42%
Magic:  0/15       EV: 12    Int: 22    God:    Kikubaaqudgha [......]
Gold:   219        SH:  5    Dex: 15    Spells: 12/15 levels left

rFire   . . .      SeeInvis .   c - +0 dagger
rCold   . . .      Faith    .   (no shield)
rNeg    . . .      Spirit   .   a - +0 robe
rPois   .          Reflect  +   (no helmet)
rElec   .          Harm     .   (no cloak)
rCorr   .          Rampage  .   (no gloves)
Will    +....                   (no boots)
Stlth   ++........              d - amulet of reflection
HPRegen 0.12/turn               g - ring of willpower
MPRegen 0.14/turn               l - +6 ring of strength

@: no status effects
A: no striking features
a: Renounce Religion


You were on level 4 of the Dungeon.
You worshipped Kikubaaqudgha.
Kikubaaqudgha was noncommittal.
You visited 1 branch of the dungeon, and saw 4 of its levels.

You collected 219 gold pieces.

Inventory:

Hand Weapons
 c - a +0 dagger (weapon)
Missiles
 r - 5 poisoned darts
Armour
 a - a +0 robe (worn)
Magical Staves
 e - a staff of cold
 k - a staff of air
Jewellery
 d - an amulet of reflection (around neck)
 g - a ring of willpower (left hand)
 l - a +6 ring of strength (right hand)
 m - a +6 ring of strength
Wands
 h - a wand of mindburst (7)
 t - a wand of quicksilver (6)
Scrolls
 n - a scroll of noise {unknown}
 q - a scroll of summoning {unknown}
 s - a scroll of identify {unknown}
Potions
 b - 2 potions of magic
 f - a potion of degeneration {unknown}
 i - 4 potions of curing {unknown}
 j - 2 potions of lignification {unknown}
 o - a potion of attraction {unknown}
 p - a potion of haste {unknown}


   Skills:
 - Level 3.0 Fighting
 - Level 2.4 Dodging
 - Level 2.4 Stealth
 - Level 5.0 Spellcasting
 - Level 1.1 Conjurations
 - Level 3.0 Necromancy
 - Level 4.0 Fire Magic
 + Level 2.7 Evocations


You had 12 spell levels left.
You knew the following spells:

 Your Spells              Type           Power      Damage    Failure   Level
a - Foxfire               Conj/Fire      64%        2x1d7     3%          1
b - Scorch                Fire           46%        2d7       3%          2

Your spell library contained the following spells:

 Spells                   Type           Power      Damage    Failure   Level
 Conjure Flame            Conj/Fire      16%        6-21      11%         3
 Inner Flame              Hex/Fire       14%        N/A       13%         3
 Flame Wave               Conj/Fire      16%        2d7       34%         4


Dungeon Overview and Level Annotations

Branches:
Dungeon (4/15)             Temple (0/1) D:4

Altars:
Elyvilon
Kikubaaqudgha
Vehumet
Xom
Zin
The Shining One

Shops:
D:4 :

Annotations:
D:4 Edmund


Message History

The magic dart hits you!
Casting: Scorch (safe; 3% risk of failure)
Confirm with . or Enter, or press ? or * to list all spells.
Flames lash the orc wizard.
The orc wizard is severely wounded.
The orc wizard's fire resistance burns away.
Casting: Scorch (safe; 3% risk of failure)
Confirm with . or Enter, or press ? or * to list all spells.
Flames lash the orc wizard.
The orc wizard is burned terribly!
You kill the orc wizard!
Kikubaaqudgha accepts your kill.
You hear a shout!
An orc wizard is nearby!
Casting: Scorch (safe; 3% risk of failure)
Confirm with . or Enter, or press ? or * to list all spells.
Flames lash the orc wizard.
The orc wizard is lightly wounded.
The orc wizard's fire resistance burns away.
You block the orc wizard's attack.
The orc wizard hits you with a +0 dagger.
Casting: Scorch (safe; 3% risk of failure)
Confirm with . or Enter, or press ? or * to list all spells.
Flames lash the orc wizard.
The orc wizard is burned terribly!
The orc wizard is almost dead.
The orc wizard mumbles some strange words.
The orc wizard flickers and vanishes!
Deactivating autopickup; reactivate with Ctrl-A.
Something hits you.
Casting: Scorch (safe; 3% risk of failure)
Confirm with . or Enter, or press ? or * to list all spells.
You don't have enough magic to cast this spell.
A magic dart appears from out of thin air!
The magic dart hits you!
A puff of flame appears from out of thin air!
The puff of flame hits you!
* * * LOW HITPOINT WARNING * * *
A magic dart appears from out of thin air!
The magic dart hits you!
You die...
Kikubaaqudgha rasps: "You have failed me!
Welcome... death!"

#..... ###..........# #.....
#.... ##............# ###### #...
.'.....)......# ### #.. #......#
g... #.# #....@{# #### #.##
###....############## # ...###
.###............@....# # .....+
................####.# #
...###..........@####.##.# #.# #
..................<......####.# #
..#######........#.†..........###
..# #####.#.##....#.......<#
..#### #....'....'........#
.....# # ######....##.......#
.....# .# #########+###.# .....#
..### #..##.# .....##......
.......


You could see Edmund.

Vanquished Creatures
  A phantom (D:4)
  A necrophage (D:4)
  A howler monkey (D:4)
  A jelly (D:4)
  An orc wizard (D:4)
  6 adders
  A worm (D:3)
  2 dart slugs
  4 orcs (D:4)
  8 ball pythons
  6 endoplasms
  2 giant cockroaches (D:1)
  8 goblins
  15 hobgoblins
  5 quokkas
  5 bats
  2 frilled lizards (D:1)
  4 kobolds
  5 rats
78 creatures vanquished.

Vanquished Creatures (others)
  110 foxfires
110 creatures vanquished.

Grand Total: 188 creatures vanquished

Notes
Turn   | Place    | Note
-------+----------+-------------------------------------------
     0 | D:1      | enile the Deep Elf Fire Elementalist began the quest for
                  | the Orb.
     0 | D:1      | Reached XP level 1. HP: 10/10 MP: 6/6
   206 | D:1      | Reached skill level 1 in Fighting
   424 | D:1      | Reached XP level 2. HP: 5/16 MP: 4/8
   733 | D:1      | Learned a level 2 spell: Scorch
  1063 | D:1      | Reached skill level 4 in Spellcasting
  1444 | D:2      | Reached XP level 3. HP: 20/20 MP: 7/10
  1612 | D:2      | Found an ancient bone altar of Kikubaaqudgha.
  1799 | D:2      | Reached skill level 5 in Spellcasting
  2248 | D:2      | Reached XP level 4. HP: 26/26 MP: 8/13
  2412 | D:3      | Found a white marble altar of Elyvilon.
  2412 | D:3      | Found a glowing golden altar of the Shining One.
  2412 | D:3      | Found a glowing silver altar of Zin.
  2450 | D:2      | Became a worshipper of Kikubaaqudgha
  2758 | D:3      | Reached skill level 1 in Necromancy
  2828 | D:3      | Found a radiant altar of Vehumet.
  3272 | D:3      | Found a shimmering altar of Xom.
  3718 | D:4      | Noticed an ogre
  3868 | D:4      | Noticed Edmund
  4037 | D:4      | Reached XP level 5. HP: 26/30 MP: 7/14
  4129 | D:4      | Found a staircase to the Ecumenical Temple.
  4274 | D:4      | Found Yteachuimn's Vocational Training.
  4458 | D:4      | Reached XP level 6. HP: 36/37 MP: 1/15
  4650 | D:4      | Killed from afar by an orc wizard

Illustrated notes

Levels and vault maps discovered:
D:1:      minmay_arrival_jagged, layout_basic, roderic_lattice_a
D:2:      layout_loops_cross, basic_altar
D:3:      layout_basic, good_gods_mini_temple, mainiacjoe_overflow_catwalk,
          lemuel_coloured_pillars_altar, minmay_misc_feat_plants
D:4:      layout_basic, minmay_temple_entry_mist, nicolae_shop_vocational,
          uniq_edmund

Skill      XL: |  1  2  3  4  5  6 |
---------------+-------------------+-----
Fighting       | 1 2 3 |  3.0
Spellcasting   | 4 5 |  5.0
Necromancy     | 3 |  3.0
Fire Magic     | 4 |  4.0
Evocations     | 2 |  2.7
Dodging        | |  2.4
Stealth        | |  2.4
Conjurations   | |  1.1

Action                   |  1- 3 |  4- 6 || total
-------------------------+-------+-------++-------
Melee: Dagger            |    26 |       ||    26
 Cast: Foxfire           |    24 |    42 ||    66
       Scorch            |    25 |    33 ||    58
  Use: Scroll            |       |     2 ||     2
 Stab: Distracted        |     1 |       ||     1
       Sleeping          |     1 |       ||     1
Armor: Robe              |     8 |       ||     8
Dodge: Dodged            |    24 |     8 ||    32
Block: Other             |     7 |     5 ||    12
